Construct Section Command Post
Construct Platoon Command Post
Unlock M3 Stuart Light Tanks
6-pounder Anti-tank Gun Team
Selects Air and Sea Battlegroup
Selects Centaur Medium Tank
Construct Field Infirmary
Selects Commando Section Paradrop
Commando Section Paradrop